 Dungeon Crawl Stone Soup version 0.19.1-1-g22dce08 (webtiles) character file.

110091 PossumBlood the Severer (level 16, -6/159 HPs)
             Began as a Minotaur Fighter on Jan 6, 2017.
             Was the Champion of Okawaru.
             Killed from afar by a purple draconian monk (16 damage)
             ... with a bolt of dispelling energy
             ... on level 3 of the Abyss on Jan 7, 2017.
             The game lasted 00:58:21 (23244 turns).

PossumBlood the Severer (Minotaur Fighter)         Turns: 23244, Time: 00:58:22

Health: -6/159     AC: 43    Str: 33    XL:     16   Next: 6%
Magic:  10/13      EV: 11    Int:  7    God:    Okawaru [******]
Gold:   1635       SH: 17    Dex: 14    Spells: 0 memorised, 15 levels left

rFire  + . .     SeeInvis +     U - +9 war axe of Victory {protect, rN+ Dex+4}
rCold  + . .     Gourm    +     s - +7 plate armour
rNeg   + . .     Faith    .     V - +4 shield of Shielding {rF+ SInv}
rPois  +         Spirit   .     (helmet unavailable)
rElec  .         Reflect  .     Q - +1 cloak {rPois}
rCorr  .         Harm     .     P - +0 pair of gloves
MR     +....                    y - +2 pair of boots {run}
Stlth  ..........               v - amulet of the gourmand
                                G - +5 ring of strength
                                h - ring of protection from cold

@: heroism, protection aura, quick
A: retaliatory headbutt, claws 1, horns 3, clever 1, low mp 1, sense
surroundings 1, MP-powered wands
a: Heroism, Finesse, Renounce Religion


You were on level 3 of the Abyss.
You worshipped Okawaru.
Okawaru was exalted by your worship.
You were full.

You visited 4 branches of the dungeon, and saw 24 of its levels.
You visited the Abyss 1 time.

You collected 2036 gold pieces.
You spent 401 gold pieces at shops.

Inventory:

Hand Weapons
 A - a +3 hand axe of flaming
 H - the +6 battleaxe of Ruitwer {chop, +Rage rElec rC- Str+4}
   (Okawaru gifted it to you on level 1 of the Lair of Beasts)

   It inflicts extra damage upon your enemies.
   It affects your strength (+4).
   It makes you vulnerable to cold.
   It insulates you from electricity.
   It lets you go berserk.
 U - the +9 war axe of Victory (weapon) {protect, rN+ Dex+4}
   (Okawaru gifted it to you on level 5 of the Lair of Beasts)

   It protects the one who uses it against injury (+AC on strike).
   It affects your dexterity (+4).
   It protects you from negative energy.
Missiles
 n - 72 tomahawks
 F - 12 silver javelins
 Z - 5 tomahawks of dispersal
Armour
 a - +0 steam dragon scales
 c - a +0 cloak of invisibility
 j - a +0 troll leather armour {Snorg}
 s - a +7 plate armour (worn)
 x - a +2 hat
 y - a +2 pair of boots of running (worn)
 z - the +1 buckler of Bujasyony {rPois}
   (Okawaru gifted it to you on level 8 of the Dungeon)

   It protects you from poison.
 K - +0 mottled dragon scales
 N - the +2 ring mail "Omainaal" {rN+ Stlth+}
   (Okawaru gifted it to you on level 6 of the Lair of Beasts)

   It protects you from negative energy.
   It makes you more stealthy.
 P - a +0 pair of gloves (worn)
 Q - a +1 cloak of poison resistance (worn)
 V - the +4 shield of Shielding (worn) {rF+ SInv}
   (Okawaru gifted it to you on level 14 of the Dungeon)

   It protects you from fire.
   It lets you see invisible.
 X - +0 storm dragon scales
Jewellery
 h - a ring of protection from cold (left hand)
 k - an uncursed ring of poison resistance
 v - an amulet of the gourmand (around neck)
 C - an uncursed amulet of harm
 G - a +5 ring of strength (right hand)
 L - an uncursed ring of resist corrosion
 M - an uncursed ring of protection from cold
 S - a +1 ring of evasion
 W - an uncursed amulet of rage (quivered)
Wands
 t - a wand of random effects (30/48)
Scrolls
 b - 4 scrolls of recharging
 e - 5 scrolls of amnesia
 i - 2 scrolls of identify
 m - 8 scrolls of teleportation
 o - 10 scrolls of remove curse
 p - 8 scrolls of magic mapping
 r - a scroll of silence
 E - a scroll of holy word
 R - 4 scrolls of fear
 T - a scroll of enchant weapon
Potions
 d - 2 potions of might
 g - a potion of ambrosia
 q - 3 potions of agility
 w - 2 potions of flight
 D - 2 potions of invisibility
 I - a potion of brilliance
 J - 2 potions of cancellation
 O - 8 potions of curing
 Y - 2 potions of cure mutation
Comestibles
 f - 2 bread rations
 l - 9 meat rations
 u - 4 beef jerkies
 B - 11 slices of pizza


   Skills:
 + Level 18.8(23.8) Fighting
 - Level 20.0(25.0) Axes
 * Level 18.0(23.0) Armour
 - Level 3.6(8.6) Shields


You had 15 spell levels left.
You didn't know any spells.

Dungeon Overview and Level Annotations

Branches:
Dungeon (15/15)            Temple (1/1) D:7            Lair (6/6) D:9
 Shoals (0/4) Lair:4       Spider (0/4) Lair:2        Slime (0/5) Lair:5
    Orc (2/2) D:11            Elf (0/3) Orc:2        Vaults (0/5) D:14
 Depths: D:15

Altars:
Ashenzari
Cheibriados
Dithmenos
Elyvilon
Fedhas
Gozag
Hepliaklqana
Kikubaaqudgha
Makhleb
Nemelex Xobeh
Okawaru
Qazlal
Ru
Sif Muna
Trog
Uskayaw
Vehumet
Xom
Yredelemnul
Zin
The Shining One
Beogh
Jiyva

Shops:
D:9 [   D:13 }   Orc:1 (   Orc:2 %:(!

Portals:
Trove: D:10 (give +3 storm dragon scales)

Annotations:
D:11 exclusion: ice statue
D:15 Louise


Innate Abilities, Weirdness & Mutations

You reflexively headbutt those who attack you in melee.
You have a pair of large horns on your head.
You have sharp fingernails.
Your mind is acute. (Int +2)
Your magical capacity is low. (-10% MP)
You passively map a small area around you.
You expend magic power (3 MP) to strengthen your wands.


Message History

You hit the purple draconian monk.
The purple draconian monk is almost dead.
You hit the large abomination. You hit the bone dragon.
The bone dragon bites you but does no damage.
The bone dragon closely misses you.
The bone dragon tramples you but does no damage.
You block the large abomination's attack.
The purple draconian monk hits you but does no damage.
The purple draconian monk barely misses you.
The purple draconian monk tail-slaps you but does no damage.
You hit the purple draconian monk.
Your headbutt misses the purple draconian monk.
The purple draconian monk is almost dead.
You slice the bone dragon!! You barely miss the large abomination.
The large abomination completely misses you.
You block the bone dragon's attack. x2
The bone dragon tramples you but does no damage.
The purple draconian monk breathes dispelling energy at you.
The bolt of dispelling energy hits you!
You die...

# ...... .... #
## ... ....## #
#### ..## ##.##
####..#
#.##.####
###...(...#.
#..........#
#..@.......#
#.DqX.....##
#..........
...........##
#..........##
..............
..##...#.....##
... #....######
. ##(..


You could see a bone dragon, a purple draconian monk and a large abomination.

Vanquished Creatures
  Saint Roka (Orc:2)
  Gastronok (D:8)
  A tengu reaver (D:14)
  Donald (Orc:2)
  A storm dragon (D:14)
  An orc warlord (Orc:2)
  2 stone giants (Orc:2)
  The ghost of endorz the Basher, a journeyman GrFi of Okawaru (Lair:6)
  Snorg (Orc:2)
  Josephine (Lair:6)
  2 yaktaur captains (D:14)
  5 hydras
  2 catoblepae
  2 dancing weapons (D:14)
  A centaur warrior (D:15)
  4 tengu warriors
  A thrashing horror (Abyss:3)
  A death knight (D:13)
  Urug (Orc:1)
  Nergalle (Lair:4)
  6 death yaks
  4 orc high priests (Orc:2)
  The ghost of McKennaii the Zephyrmancer, a novice HEAE of Sif Muna (D:10)
  A wretched star (Abyss:3)
  Sonja (Lair:3)
  A sixfirhy (Abyss:3)
  A skeletal warrior (D:13)
  2 unseen horrors
  Pikel (D:9)
  A swamp dragon (Lair:3)
  A wizard (D:14)
  2 hill giants
  A necromancer (Lair:2)
  4 orc sorcerers (Orc:2)
  5 orc knights (Orc:2)
  2 deep elf magi
  13 ugly things
  A cyclops (D:13)
  3 black mambas
  A siren (Lair:4)
  Joseph (D:9)
  3 elephants (Lair:4)
  4 gargoyles
  Maurice (D:10)
  A smoke demon (Abyss:3)
  A centaur skeleton (D:15)
  6 spiny frogs
  A tengu conjurer (D:13)
  12 komodo dragons
  2 ancient zymes (Abyss:3)
  7 trolls
  A polar bear (Lair:6)
  A two-headed ogre (shapeshifter) (D:15)
  2 hornets (Lair:6)
  4 raiju (Abyss:3)
  A two-headed ogre (D:14)
  A merfolk (Lair:4)
  8 blink frogs
  18 dream sheep
  8 hippogriffs
  10 slime creatures
  A shadow (D:13)
  9 wraiths
  A redback (Lair:6)
  13 spriggans (Lair:6)
  3 wyverns
  3 starcursed masses (Abyss:3)
  A basilisk (D:14)
  73 yaks
  3 steam dragons
  2 vampire mosquitoes (D:15)
  Menkaure (D:6)
  A mottled dragon (D:15)
  A hungry ghost (D:12)
  5 wargs (Orc:2)
  5 porcupines
  12 water moccasins
  47 orc warriors
  A hornet zombie (D:11)
  5 sky beasts
  2 slaves (D:9)
  8 ice beasts
  6 black bears
  2 phantoms (D:4)
  27 wolves
  22 ogres
  4 boggarts (Lair:6)
  13 centaurs
  13 crocodiles
  3 big kobolds (D:8)
  18 bullfrogs
  4 scorpions
  17 killer bees
  3 wights (D:12)
  3 howler monkeys
  10 electric eels
  9 crimson imps
  A bullfrog zombie (D:11)
  3 centaur zombies
  9 hounds
  A quasit (D:6)
  4 jellies
  3 bullfrog skeletons
  31 orc priests
  18 orc wizards
  4 iguanas
  7 worker ants
  3 polar bear simulacra (Lair:2)
  3 yak simulacra (Lair:2)
  4 wolf simulacra (Lair:2)
  A hound skeleton (D:7)
  2 worker ant zombies
  A gnoll (D:1)
  7 adders
  2 shadow imps
  A white imp (Abyss:3)
  An ooze (D:3)
  5 worms
  4 leopard geckos
  117 orcs
  A ball python (D:1)
  10 bats
  5 giant cockroaches
  12 goblins
  11 hobgoblins
  15 jackals
  11 kobolds
  7 quokkas
  5 frilled lizards
  A giant cockroach zombie (D:5)
  2 leopard gecko skeletons (D:6)
  A leopard gecko zombie (D:5)
  2 quokka skeletons
  A quokka zombie (D:5)
  4 rats
  A river rat simulacrum (Lair:2)
  A fungus (D:9)
  7 plants
856 creatures vanquished.

Vanquished Creatures (others)
  A yak (Lair:4)
  An orc wizard (D:11)
  An orc (D:11)
  8 fungi
  2 plants
13 creatures vanquished.

Grand Total: 869 creatures vanquished

Notes
Turn   | Place    | Note
-------+----------+-------------------------------------------
     0 | D:1      | PossumBlood the Minotaur Fighter began the quest for the Orb.
     0 | D:1      | Reached XP level 1. HP: 19/19 MP: 0/0
    32 | D:1      | Reached skill level 3 in Axes
    46 | D:1      | Reached XP level 2. HP: 27/27 MP: 1/1
   312 | D:1      | Reached skill level 4 in Axes
   312 | D:1      | Reached XP level 3. HP: 33/33 MP: 2/2
   804 | D:2      | Found a blossoming altar of Fedhas.
   832 | D:2      | Reached XP level 4. HP: 40/40 MP: 3/3
   937 | D:2      | Reached skill level 5 in Axes
  1278 | D:2      | Found an iron altar of Okawaru.
  1278 | D:2      | Found a shadowy altar of Dithmenos.
  1279 | D:2      | Found a snail-covered altar of Cheibriados.
  1290 | D:2      | Became a worshipper of Warmaster Okawaru
  1658 | D:3      | Found a white marble altar of Elyvilon.
  1666 | D:3      | Reached XP level 5. HP: 47/47 MP: 4/4
  2203 | D:4      | Reached skill level 6 in Axes
  2209 | D:4      | Reached skill level 5 in Fighting
  2222 | D:4      | Reached * piety under Okawaru
  2222 | D:4      | Reached XP level 6. HP: 39/56 MP: 5/5
  2418 | D:4      | Reached skill level 7 in Axes
  2966 | D:5      | Entered Level 5 of the Dungeon
  3041 | D:5      | Reached XP level 7. HP: 61/63 MP: 6/6
  3045 | D:5      | Reached skill level 8 in Axes
  3076 | D:5      | Reached ** piety under Okawaru
  3252 | D:5      | Reached skill level 9 in Axes
  3573 | D:6      | Reached XP level 8. HP: 58/73 MP: 7/7
  3725 | D:6      | Reached skill level 10 in Axes
  4245 | D:6      | Reached *** piety under Okawaru
  4245 | D:6      | Reached skill level 11 in Axes
  4358 | D:6      | Found a bloodstained altar of Trog.
  4385 | D:6      | Noticed Menkaure
  4390 | D:6      | Killed Menkaure
  4515 | D:6      | Found a glowing golden altar of the Shining One.
  4643 | D:6      | Reached XP level 9. HP: 73/82 MP: 8/8
  4787 | D:7      | Reached skill level 12 in Axes
  4837 | D:7      | Found a staircase to the Ecumenical Temple.
  4841 | D:7      | Reached **** piety under Okawaru
  4884 | Temple   | Entered the Ecumenical Temple
  5295 | D:7      | Found a faded altar of an unknown god.
  5295 | D:7      | Found a faded altar of an unknown god.
  5300 | D:7      | Found a faded altar of an unknown god.
  5302 | D:7      | Found a faded altar of an unknown god.
  5303 | D:7      | Found a shimmering altar of Xom.
  5832 | D:8      | Noticed Gastronok
  5847 | D:8      | Killed Gastronok
  5847 | D:8      | Reached ***** piety under Okawaru
  5847 | D:8      | Reached skill level 10 in Fighting
  5847 | D:8      | Reached skill level 14 in Axes
  5847 | D:8      | Reached XP level 10. HP: 24/94 MP: 9/9
  6382 | D:8      | Identified a +2 pair of boots of running (You found it on level 8 of the Dungeon)
  6489 | D:8      | Received a gift from Okawaru
  6501 | D:8      | Got a slimy buckler {god gift}
  6514 | D:8      | Identified the +1 buckler of Bujasyony {rPois} (Okawaru gifted it to you on level 8 of the Dungeon)
  6536 | D:8      | Noticed a two-headed hydra
  6541 | D:8      | Killed a one-headed hydra
  6541 | D:8      | Reached skill level 15 in Axes
  7072 | D:9      | Found a staircase to the Lair.
  7137 | D:9      | Found Iwiumm's Armour Emporium.
  7140 | D:9      | Bought a +0 cloak of invisibility for 149 gold pieces
  7197 | D:9      | Noticed Pikel
  7320 | D:9      | Killed Pikel
  7380 | D:9      | Noticed Joseph
  7396 | D:9      | Killed Joseph
  7396 | D:9      | Reached XP level 11. HP: 86/104 MP: 10/10
  8448 | Lair:1   | Entered Level 1 of the Lair of Beasts
  8502 | Lair:1   | You fall through a shaft!
  8502 | Lair:2   | Found a hole to the Spider Nest.
  8511 | Lair:2   | Reached skill level 16 in Axes
  8921 | Lair:1   | HP: 3/105 [yak (4)]
  8925 | Lair:1   | Received a gift from Okawaru
  9400 | Lair:1   | Reached skill level 17 in Axes
  9744 | Lair:1   | Received a gift from Okawaru
  9756 | Lair:1   | Reached ****** piety under Okawaru
  9764 | Lair:1   | Got a fine battleaxe {god gift}
  9770 | Lair:1   | Identified the +6 battleaxe of Ruitwer {chop, +Rage rElec rC- Str+4} (Okawaru gifted it to you on level 1 of the Lair of Beasts)
 10132 | Lair:2   | Noticed a four-headed hydra
 10135 | Lair:2   | Killed a seven-headed hydra
 10135 | Lair:2   | Reached XP level 12. HP: 115/115 MP: 11/11
 10178 | Lair:2   | Reached skill level 18 in Axes
 10263 | Lair:2   | Received a gift from Okawaru
 11164 | Lair:3   | Noticed Sonja
 11174 | Lair:3   | Killed Sonja
 11894 | Lair:3   | Received a gift from Okawaru
 12246 | Lair:4   | Reached skill level 19 in Axes
 12569 | Lair:4   | Found a staircase to the Shoals.
 12675 | Lair:4   | Noticed Nergalle
 12677 | Lair:4   | Noticed a death yak
 12678 | Lair:4   | Noticed a catoblepas
 12684 | Lair:4   | Killed Nergalle
 12699 | Lair:4   | Killed a catoblepas
 12700 | Lair:4   | Killed a death yak
 12700 | Lair:4   | Reached XP level 13. HP: 57/125 MP: 9/12
 13440 | Lair:5   | Found a viscous altar of Jiyva.
 13440 | Lair:5   | Found a staircase to the Slime Pits.
 13513 | Lair:5   | Reached skill level 15 in Fighting
 13513 | Lair:5   | Received a gift from Okawaru
 13516 | Lair:5   | Reached skill level 20 in Axes
 13530 | Lair:5   | Got a brightly glowing war axe {god gift}
 13531 | Lair:5   | Identified the +9 war axe of Victory {protect, rN+ Dex+4} (Okawaru gifted it to you on level 5 of the Lair of Beasts)
 14189 | Lair:6   | Entered Level 6 of the Lair of Beasts
 14197 | Lair:6   | Reached skill level 5 in Armour
 14473 | Lair:6   | Noticed Josephine
 14481 | Lair:6   | Killed Josephine
 14481 | Lair:6   | Received a gift from Okawaru
 14545 | Lair:6   | Got a translucent ring mail {god gift}
 14547 | Lair:6   | Identified the +2 ring mail "Omainaal" {rN+ Stlth+} (Okawaru gifted it to you on level 6 of the Lair of Beasts)
 14913 | Lair:6   | Gained mutation: Your mind is acute. (Int +2) [potion of mutation]
 14913 | Lair:6   | Gained mutation: Your magical capacity is low. (-10% MP) [potion of mutation]
 14913 | Lair:6   | Gained mutation: You have a pair of large horns on your head. [potion of mutation]
 14944 | Lair:6   | Noticed endorz's ghost (journeyman GrFi)
 14947 | Lair:6   | Killed endorz's ghost
 15037 | Lair:6   | Reached skill level 10 in Armour
 15056 | Lair:6   | Reached XP level 14. HP: 82/137 MP: 11/11
 15921 | D:10     | Entered Level 10 of the Dungeon
 16001 | D:10     | Found a sacrificial altar of Ru.
 16038 | D:10     | Noticed McKennaii's ghost (novice HEAE)
 16045 | D:10     | Killed McKennaii's ghost
 16123 | D:10     | Noticed Maurice
 16128 | D:10     | Killed Maurice
 16275 | D:10     | Found a portal to a secret trove of treasure.
 16668 | D:11     | Found a staircase to the Orcish Mines.
 16695 | Orc:1    | Entered Level 1 of the Orcish Mines
 16811 | Orc:2    | Entered Level 2 of the Orcish Mines
 16811 | Orc:2    | Noticed Saint Roka
 16822 | Orc:2    | Received a gift from Okawaru
 16836 | Orc:2    | Killed Saint Roka
 17398 | Orc:2    | Found a roughly hewn altar of Beogh.
 17734 | Orc:2    | Found Kiuseuf's Food Boutique.
 17748 | Orc:2    | Found Imepnooth's Book Shop.
 17802 | Orc:2    | Noticed Snorg
 17809 | Orc:2    | Killed Snorg
 17846 | Orc:2    | Noticed a stone giant
 17851 | Orc:2    | Killed a stone giant
 18076 | Orc:2    | Noticed an orc warlord
 18083 | Orc:2    | Found a roughly hewn altar of Beogh.
 18090 | Orc:2    | Killed an orc warlord
 18531 | Orc:2    | Found Yxuest's Distillery.
 18562 | Orc:2    | Bought a potion of curing for 42 gold pieces
 18562 | Orc:2    | Bought a potion of curing for 42 gold pieces
 18562 | Orc:2    | Bought a potion of curing for 42 gold pieces
 18562 | Orc:2    | Bought a potion of curing for 42 gold pieces
 18562 | Orc:2    | Bought 2 potions of curing for 84 gold pieces
 18584 | Orc:2    | Found Maimpuarch's Antique Weapon Emporium.
 18708 | Orc:2    | Noticed Donald
 18717 | Orc:2    | Killed Donald
 18828 | Orc:2    | Found a staircase to the Elven Halls.
 18900 | Orc:2    | Received a gift from Okawaru
 18960 | Orc:2    | Noticed a stone giant
 18964 | Orc:2    | Killed a stone giant
 19102 | Orc:2    | Reached XP level 15. HP: 147/147 MP: 12/12
 19229 | Orc:1    | Noticed Urug
 19234 | Orc:1    | Killed Urug
 19318 | Orc:1    | Found a roughly hewn altar of Beogh.
 19323 | Orc:1    | Reached skill level 15 in Armour
 19375 | Orc:1    | Found Pyczima's Weapon Shoppe.
 19563 | D:11     | Found a stormy altar of Qazlal.
 20164 | D:12     | Gained mutation: You have sharp fingernails. [mutagenic meat]
 20165 | D:12     | Gained mutation: You expend magic power (3 MP) to strengthen your wands. [mutagenic meat]
 20166 | D:12     | Gained mutation: You passively map a small area around you. [mutagenic meat]
 20326 | D:12     | Received a gift from Okawaru
 20938 | D:13     | Found Yvomuuxe's Quality Used Wands.
 21352 | D:14     | Noticed a storm dragon
 21353 | D:14     | Noticed a tengu reaver
 21372 | D:14     | Killed a tengu reaver
 21386 | D:14     | Killed a storm dragon
 21875 | D:14     | Received a gift from Okawaru
 21902 | D:14     | Got a steaming shield {god gift}
 22166 | D:14     | Identified the +4 shield of Shielding {rF+ SInv} (Okawaru gifted it to you on level 14 of the Dungeon)
 22233 | D:14     | Found a gate to the Vaults.
 22266 | D:14     | Gained mutation: You are frail. (-10% HP) [mutagenic meat]
 22269 | D:14     | Lost mutation: You are frail. (-10% HP) [mutagenic meat]
 22499 | D:15     | Entered Level 15 of the Dungeon
 23018 | D:15     | Noticed Louise
 23024 | D:15     | Cast into level 3 of the Abyss (Louise)
 23075 | Abyss:3  | Reached XP level 16. HP: 122/159 MP: 13/13
 23223 | Abyss:3  | Noticed a bone dragon
 23244 | Abyss:3  | Killed from afar by a purple draconian monk

Skill      XL: |  1  2  3  4  5  6  7  8  9 10 11 12 13 14 15 16 |
---------------+-------------------------------------------------+-----
Axes           | 3 4 5 6 7 9 11 14 15 17 19 20 | 20.0
Fighting       | 4 5 6 7 8 10 11 13 14 16 17 18 | 18.8
Armour         | 10 14 17 18 | 18.0
Shields        | |  3.6

Action                   |  1- 3 |  4- 6 |  7- 9 | 10-12 | 13-15 | 16-18 || total
-------------------------+-------+-------+-------+-------+-------+-------++-------
Melee: War axe           |    85 |   233 |   270 |    74 |   110 |    44 ||   816
       Headbutt          |    12 |    36 |    61 |   107 |   212 |    12 ||   440
       Hand axe          |       |       |       |   264 |       |       ||   264
       Battleaxe         |       |       |       |   173 |   841 |       ||  1014
Invok: Heroism           |       |       |       |     2 |     2 |     3 ||     7
  Use: Potion            |     1 |     2 |     2 |     3 |     6 |     1 ||    15
       Scroll            |       |     7 |     6 |     8 |    17 |       ||    38
 Stab: Petrifying        |       |       |       |     1 |       |       ||     1
       Petrified         |       |       |       |     1 |       |       ||     1
  Eat: Fruit             |       |     6 |       |    17 |    10 |       ||    33
       Beef jerky        |       |     1 |     1 |       |     1 |       ||     3
       Pizza             |       |     1 |       |     1 |       |       ||     2
       Bread ration      |       |       |     2 |       |     5 |       ||     7
       Chunk             |       |       |     1 |       |    13 |       ||    14
       Royal jelly       |       |       |       |     2 |       |       ||     2
Armor: Scale mail        |    45 |    72 |       |       |       |       ||   117
       Plate armour      |       |    17 |   181 |   263 |   538 |    41 ||  1040
Dodge: Dodged            |    24 |    49 |    60 |   113 |   264 |    19 ||   529
Block: Shield            |    47 |   107 |   144 |    31 |    82 |    30 ||   441
       Buckler           |       |       |       |    24 |       |       ||    24
